Workbook

Sheet Ingresos
A1: LIBRO DE INGRESOS
A2: Rellena solo las celdas amarillas (letra azul). Datos de ejemplo ficticios: bórralos y empieza con los tuyos.
A4: Fecha | B4: Nº factura | C4: Cliente | D4: NIF cliente | E4: Concepto | F4: Base imponible | G4: % IVA | H4: Cuota IVA | I4: % retención | J4: Retención IRPF | K4: Total cobrado | L4: Trim.
A5: 46042 | B5: 2026-001 | C5: Estudio Ejemplo, S.L. | D5: B12345678 | E5: Diseño de logotipo | F5: 2000 | G5: 0.21 | H5: =IF(F5="","",ROUND(F5*N(G5),2)) -> 420 | I5: 0.15 | J5: =IF(F5="","",ROUND(F5*N(I5),2)) -> 300 | K5: =IF(F5="","",F5+H5-J5) -> 2120 | L5: =IF(A5="","",ROUNDUP(MONTH(A5)/3,0)) -> 1
A6: 46068 | B6: 2026-002 | C6: Estudio Ejemplo, S.L. | D6: B12345678 | E6: Manual de marca | F6: 1500 | G6: 0.21 | H6: =IF(F6="","",ROUND(F6*N(G6),2)) -> 315 | I6: 0.15 | J6: =IF(F6="","",ROUND(F6*N(I6),2)) -> 225 | K6: =IF(F6="","",F6+H6-J6) -> 1590 | L6: =IF(A6="","",ROUNDUP(MONTH(A6)/3,0)) -> 1
A7: 46122 | B7: 2026-003 | C7: Tienda Modelo, S.L. | D7: B87654321 | E7: Diseño web | F7: 1800 | G7: 0.21 | H7: =IF(F7="","",ROUND(F7*N(G7),2)) -> 378 | I7: 0.15 | J7: =IF(F7="","",ROUND(F7*N(I7),2)) -> 270 | K7: =IF(F7="","",F7+H7-J7) -> 1908 | L7: =IF(A7="","",ROUNDUP(MONTH(A7)/3,0)) -> 2
A8: 46164 | B8: 2026-004 | C8: María López (particular) | D8: 11111111H | E8: Cartelería | F8: 600 | G8: 0.21 | H8: =IF(F8="","",ROUND(F8*N(G8),2)) -> 126 | I8: 0 | J8: =IF(F8="","",ROUND(F8*N(I8),2)) -> 0 | K8: =IF(F8="","",F8+H8-J8) -> 726 | L8: =IF(A8="","",ROUNDUP(MONTH(A8)/3,0)) -> 2
A9: 46211 | B9: 2026-005 | C9: Tienda Modelo, S.L. | D9: B87654321 | E9: Mantenimiento web | F9: 900 | G9: 0.21 | H9: =IF(F9="","",ROUND(F9*N(G9),2)) -> 189 | I9: 0.15 | J9: =IF(F9="","",ROUND(F9*N(I9),2)) -> 135 | K9: =IF(F9="","",F9+H9-J9) -> 954 | L9: =IF(A9="","",ROUNDUP(MONTH(A9)/3,0)) -> 3
H10: =IF(F10="","",ROUND(F10*N(G10),2)) | J10: =IF(F10="","",ROUND(F10*N(I10),2)) | K10: =IF(F10="","",F10+H10-J10) | L10: =IF(A10="","",ROUNDUP(MONTH(A10)/3,0))
H11: =IF(F11="","",ROUND(F11*N(G11),2)) | J11: =IF(F11="","",ROUND(F11*N(I11),2)) | K11: =IF(F11="","",F11+H11-J11) | L11: =IF(A11="","",ROUNDUP(MONTH(A11)/3,0))
H12: =IF(F12="","",ROUND(F12*N(G12),2)) | J12: =IF(F12="","",ROUND(F12*N(I12),2)) | K12: =IF(F12="","",F12+H12-J12) | L12: =IF(A12="","",ROUNDUP(MONTH(A12)/3,0))
H13: =IF(F13="","",ROUND(F13*N(G13),2)) | J13: =IF(F13="","",ROUND(F13*N(I13),2)) | K13: =IF(F13="","",F13+H13-J13) | L13: =IF(A13="","",ROUNDUP(MONTH(A13)/3,0))
H14: =IF(F14="","",ROUND(F14*N(G14),2)) | J14: =IF(F14="","",ROUND(F14*N(I14),2)) | K14: =IF(F14="","",F14+H14-J14) | L14: =IF(A14="","",ROUNDUP(MONTH(A14)/3,0))
H15: =IF(F15="","",ROUND(F15*N(G15),2)) | J15: =IF(F15="","",ROUND(F15*N(I15),2)) | K15: =IF(F15="","",F15+H15-J15) | L15: =IF(A15="","",ROUNDUP(MONTH(A15)/3,0))
H16: =IF(F16="","",ROUND(F16*N(G16),2)) | J16: =IF(F16="","",ROUND(F16*N(I16),2)) | K16: =IF(F16="","",F16+H16-J16) | L16: =IF(A16="","",ROUNDUP(MONTH(A16)/3,0))
H17: =IF(F17="","",ROUND(F17*N(G17),2)) | J17: =IF(F17="","",ROUND(F17*N(I17),2)) | K17: =IF(F17="","",F17+H17-J17) | L17: =IF(A17="","",ROUNDUP(MONTH(A17)/3,0))
H18: =IF(F18="","",ROUND(F18*N(G18),2)) | J18: =IF(F18="","",ROUND(F18*N(I18),2)) | K18: =IF(F18="","",F18+H18-J18) | L18: =IF(A18="","",ROUNDUP(MONTH(A18)/3,0))
H19: =IF(F19="","",ROUND(F19*N(G19),2)) | J19: =IF(F19="","",ROUND(F19*N(I19),2)) | K19: =IF(F19="","",F19+H19-J19) | L19: =IF(A19="","",ROUNDUP(MONTH(A19)/3,0))
H20: =IF(F20="","",ROUND(F20*N(G20),2)) | J20: =IF(F20="","",ROUND(F20*N(I20),2)) | K20: =IF(F20="","",F20+H20-J20) | L20: =IF(A20="","",ROUNDUP(MONTH(A20)/3,0))
H21: =IF(F21="","",ROUND(F21*N(G21),2)) | J21: =IF(F21="","",ROUND(F21*N(I21),2)) | K21: =IF(F21="","",F21+H21-J21) | L21: =IF(A21="","",ROUNDUP(MONTH(A21)/3,0))
... H204: =IF(F204="","",ROUND(F204*N(G204),2)) | J204: =IF(F204="","",ROUND(F204*N(I204),2)) | K204: =IF(F204="","",F204+H204-J204) | L204: =IF(A204="","",ROUNDUP(MONTH(A204)/3,0))

Sheet Gastos
A1: LIBRO DE GASTOS
A2: % afecto: 100 % si el gasto es íntegramente de la actividad. Para gastos mixtos o con límites, consulta con tu gestor.
A4: Fecha | B4: Nº factura | C4: Proveedor | D4: NIF proveedor | E4: Concepto | F4: Base imponible | G4: % IVA | H4: Cuota IVA | I4: % afecto a la actividad | J4: IVA deducible | K4: Gasto deducible | L4: Trim.
A5: 46053 | B5: SS-01 | C5: Seguridad Social | D5: — | E5: Cuota de autónomos (ejemplo) | F5: 300 | G5: 0 | H5: =IF(F5="","",ROUND(F5*N(G5),2)) -> 0 | I5: 1 | J5: =IF(F5="","",ROUND(H5*N(I5),2)) -> 0 | K5: =IF(F5="","",ROUND(F5*N(I5),2)) -> 300 | L5: =IF(A5="","",ROUNDUP(MONTH(A5)/3,0)) -> 1
A6: 46056 | B6: A-118 | C6: Software Diseño, S.L. | D6: B11112222 | E6: Suscripción software | F6: 120 | G6: 0.21 | H6: =IF(F6="","",ROUND(F6*N(G6),2)) -> 25.2 | I6: 1 | J6: =IF(F6="","",ROUND(H6*N(I6),2)) -> 25.2 | K6: =IF(F6="","",ROUND(F6*N(I6),2)) -> 120 | L6: =IF(A6="","",ROUNDUP(MONTH(A6)/3,0)) -> 1
A7: 46093 | B7: C-455 | C7: Coworking Centro | D7: B33334444 | E7: Puesto de trabajo | F7: 200 | G7: 0.21 | H7: =IF(F7="","",ROUND(F7*N(G7),2)) -> 42 | I7: 1 | J7: =IF(F7="","",ROUND(H7*N(I7),2)) -> 42 | K7: =IF(F7="","",ROUND(F7*N(I7),2)) -> 200 | L7: =IF(A7="","",ROUNDUP(MONTH(A7)/3,0)) -> 1
A8: 46142 | B8: SS-04 | C8: Seguridad Social | D8: — | E8: Cuota de autónomos (ejemplo) | F8: 300 | G8: 0 | H8: =IF(F8="","",ROUND(F8*N(G8),2)) -> 0 | I8: 1 | J8: =IF(F8="","",ROUND(H8*N(I8),2)) -> 0 | K8: =IF(F8="","",ROUND(F8*N(I8),2)) -> 300 | L8: =IF(A8="","",ROUNDUP(MONTH(A8)/3,0)) -> 2
A9: 46160 | B9: A-290 | C9: Software Diseño, S.L. | D9: B11112222 | E9: Suscripción software | F9: 120 | G9: 0.21 | H9: =IF(F9="","",ROUND(F9*N(G9),2)) -> 25.2 | I9: 1 | J9: =IF(F9="","",ROUND(H9*N(I9),2)) -> 25.2 | K9: =IF(F9="","",ROUND(F9*N(I9),2)) -> 120 | L9: =IF(A9="","",ROUNDUP(MONTH(A9)/3,0)) -> 2
A10: 46205 | B10: C-501 | C10: Coworking Centro | D10: B33334444 | E10: Puesto de trabajo | F10: 200 | G10: 0.21 | H10: =IF(F10="","",ROUND(F10*N(G10),2)) -> 42 | I10: 1 | J10: =IF(F10="","",ROUND(H10*N(I10),2)) -> 42 | K10: =IF(F10="","",ROUND(F10*N(I10),2)) -> 200 | L10: =IF(A10="","",ROUNDUP(MONTH(A10)/3,0)) -> 3
H11: =IF(F11="","",ROUND(F11*N(G11),2)) | J11: =IF(F11="","",ROUND(H11*N(I11),2)) | K11: =IF(F11="","",ROUND(F11*N(I11),2)) | L11: =IF(A11="","",ROUNDUP(MONTH(A11)/3,0))
H12: =IF(F12="","",ROUND(F12*N(G12),2)) | J12: =IF(F12="","",ROUND(H12*N(I12),2)) | K12: =IF(F12="","",ROUND(F12*N(I12),2)) | L12: =IF(A12="","",ROUNDUP(MONTH(A12)/3,0))
H13: =IF(F13="","",ROUND(F13*N(G13),2)) | J13: =IF(F13="","",ROUND(H13*N(I13),2)) | K13: =IF(F13="","",ROUND(F13*N(I13),2)) | L13: =IF(A13="","",ROUNDUP(MONTH(A13)/3,0))
H14: =IF(F14="","",ROUND(F14*N(G14),2)) | J14: =IF(F14="","",ROUND(H14*N(I14),2)) | K14: =IF(F14="","",ROUND(F14*N(I14),2)) | L14: =IF(A14="","",ROUNDUP(MONTH(A14)/3,0))
H15: =IF(F15="","",ROUND(F15*N(G15),2)) | J15: =IF(F15="","",ROUND(H15*N(I15),2)) | K15: =IF(F15="","",ROUND(F15*N(I15),2)) | L15: =IF(A15="","",ROUNDUP(MONTH(A15)/3,0))
H16: =IF(F16="","",ROUND(F16*N(G16),2)) | J16: =IF(F16="","",ROUND(H16*N(I16),2)) | K16: =IF(F16="","",ROUND(F16*N(I16),2)) | L16: =IF(A16="","",ROUNDUP(MONTH(A16)/3,0))
H17: =IF(F17="","",ROUND(F17*N(G17),2)) | J17: =IF(F17="","",ROUND(H17*N(I17),2)) | K17: =IF(F17="","",ROUND(F17*N(I17),2)) | L17: =IF(A17="","",ROUNDUP(MONTH(A17)/3,0))
H18: =IF(F18="","",ROUND(F18*N(G18),2)) | J18: =IF(F18="","",ROUND(H18*N(I18),2)) | K18: =IF(F18="","",ROUND(F18*N(I18),2)) | L18: =IF(A18="","",ROUNDUP(MONTH(A18)/3,0))
H19: =IF(F19="","",ROUND(F19*N(G19),2)) | J19: =IF(F19="","",ROUND(H19*N(I19),2)) | K19: =IF(F19="","",ROUND(F19*N(I19),2)) | L19: =IF(A19="","",ROUNDUP(MONTH(A19)/3,0))
H20: =IF(F20="","",ROUND(F20*N(G20),2)) | J20: =IF(F20="","",ROUND(H20*N(I20),2)) | K20: =IF(F20="","",ROUND(F20*N(I20),2)) | L20: =IF(A20="","",ROUNDUP(MONTH(A20)/3,0))
H21: =IF(F21="","",ROUND(F21*N(G21),2)) | J21: =IF(F21="","",ROUND(H21*N(I21),2)) | K21: =IF(F21="","",ROUND(F21*N(I21),2)) | L21: =IF(A21="","",ROUNDUP(MONTH(A21)/3,0))
H22: =IF(F22="","",ROUND(F22*N(G22),2)) | J22: =IF(F22="","",ROUND(H22*N(I22),2)) | K22: =IF(F22="","",ROUND(F22*N(I22),2)) | L22: =IF(A22="","",ROUNDUP(MONTH(A22)/3,0))
... H204: =IF(F204="","",ROUND(F204*N(G204),2)) | J204: =IF(F204="","",ROUND(H204*N(I204),2)) | K204: =IF(F204="","",ROUND(F204*N(I204),2)) | L204: =IF(A204="","",ROUNDUP(MONTH(A204)/3,0))

Sheet Resumen
A1: RESUMEN TRIMESTRAL
A2: Ayuda orientativa para preparar el modelo 303 (IVA) y el 130 (IRPF). Revisa siempre las cifras antes de presentar.
A3: Año | B3: 2026 | D3: % pago fraccionado (130) | F3: 0.2
A5: Trimestre | B5: Ingresos (base) | C5: Gastos deducibles | D5: IVA repercutido | E5: IVA soportado deducible | F5: IVA a ingresar (303) | G5: Retenciones soportadas | H5: Rendimiento neto acumulado | I5: 20 % acumulado | J5: Pagos 130 anteriores | K5: 130 a ingresar
A6: 1 | B6: =SUMIFS(Ingresos!$F$5:$F$204,Ingresos!$L$5:$L$204,A6) -> 3500 | C6: =SUMIFS(Gastos!$K$5:$K$204,Gastos!$L$5:$L$204,A6) -> 620 | D6: =SUMIFS(Ingresos!$H$5:$H$204,Ingresos!$L$5:$L$204,A6) -> 735 | E6: =SUMIFS(Gastos!$J$5:$J$204,Gastos!$L$5:$L$204,A6) -> 67.2 | F6: =D6-E6 -> 667.8 | G6: =SUMIFS(Ingresos!$J$5:$J$204,Ingresos!$L$5:$L$204,A6) -> 525 | H6: =SUM(B$6:B6)-SUM(C$6:C6) -> 2880 | I6: =MAX(0,ROUND(H6*$F$3,2)) -> 576 | J6: 0 | K6: =MAX(0,ROUND(I6-J6-SUM(G$6:G6),2)) -> 51
A7: 2 | B7: =SUMIFS(Ingresos!$F$5:$F$204,Ingresos!$L$5:$L$204,A7) -> 2400 | C7: =SUMIFS(Gastos!$K$5:$K$204,Gastos!$L$5:$L$204,A7) -> 420 | D7: =SUMIFS(Ingresos!$H$5:$H$204,Ingresos!$L$5:$L$204,A7) -> 504 | E7: =SUMIFS(Gastos!$J$5:$J$204,Gastos!$L$5:$L$204,A7) -> 25.2 | F7: =D7-E7 -> 478.8 | G7: =SUMIFS(Ingresos!$J$5:$J$204,Ingresos!$L$5:$L$204,A7) -> 270 | H7: =SUM(B$6:B7)-SUM(C$6:C7) -> 4860 | I7: =MAX(0,ROUND(H7*$F$3,2)) -> 972 | J7: =SUM(K$6:K6) -> 51 | K7: =MAX(0,ROUND(I7-J7-SUM(G$6:G7),2)) -> 126
A8: 3 | B8: =SUMIFS(Ingresos!$F$5:$F$204,Ingresos!$L$5:$L$204,A8) -> 900 | C8: =SUMIFS(Gastos!$K$5:$K$204,Gastos!$L$5:$L$204,A8) -> 200 | D8: =SUMIFS(Ingresos!$H$5:$H$204,Ingresos!$L$5:$L$204,A8) -> 189 | E8: =SUMIFS(Gastos!$J$5:$J$204,Gastos!$L$5:$L$204,A8) -> 42 | F8: =D8-E8 -> 147 | G8: =SUMIFS(Ingresos!$J$5:$J$204,Ingresos!$L$5:$L$204,A8) -> 135 | H8: =SUM(B$6:B8)-SUM(C$6:C8) -> 5560 | I8: =MAX(0,ROUND(H8*$F$3,2)) -> 1112 | J8: =SUM(K$6:K7) -> 177 | K8: =MAX(0,ROUND(I8-J8-SUM(G$6:G8),2)) -> 5
A9: 4 | B9: =SUMIFS(Ingresos!$F$5:$F$204,Ingresos!$L$5:$L$204,A9) -> 0 | C9: =SUMIFS(Gastos!$K$5:$K$204,Gastos!$L$5:$L$204,A9) -> 0 | D9: =SUMIFS(Ingresos!$H$5:$H$204,Ingresos!$L$5:$L$204,A9) -> 0 | E9: =SUMIFS(Gastos!$J$5:$J$204,Gastos!$L$5:$L$204,A9) -> 0 | F9: =D9-E9 -> 0 | G9: =SUMIFS(Ingresos!$J$5:$J$204,Ingresos!$L$5:$L$204,A9) -> 0 | H9: =SUM(B$6:B9)-SUM(C$6:C9) -> 5560 | I9: =MAX(0,ROUND(H9*$F$3,2)) -> 1112 | J9: =SUM(K$6:K8) -> 182 | K9: =MAX(0,ROUND(I9-J9-SUM(G$6:G9),2)) -> 0
A10: Total año | B10: =SUM(B6:B9) -> 6800 | C10: =SUM(C6:C9) -> 1240 | D10: =SUM(D6:D9) -> 1428 | E10: =SUM(E6:E9) -> 134.4 | F10: =SUM(F6:F9) -> 1293.6 | G10: =SUM(G6:G9) -> 930 | K10: =SUM(K6:K9) -> 182
A12: Nota: el cálculo del 130 es simplificado (20 % del rendimiento neto acumulado − pagos anteriores − retenciones). No incluye deducciones especiales ni la regla de rendimientos bajos; el 303 del cuarto trimestre también puede requerir ajustes.

Sheet Instrucciones
A1: Cómo usar esta plantilla
A2: 1. En «Ingresos» anota cada factura que emites; en «Gastos», cada factura que recibes. Solo las celdas amarillas.
A3: 2. Elige el % de IVA y la retención en las listas desplegables; la cuota, la retención y el trimestre se calculan solos.
A4: 3. En «Gastos», indica el % afecto (100 % si es 100 % de la actividad). Si un gasto tiene límites o es mixto, consulta cómo deducirlo.
A5: 4. «Resumen» suma por trimestre lo necesario para preparar el 303 y el 130. Cambia el año si hace falta.
A6: 5. Capacidad: 200 filas por hoja. Si necesitas más, inserta filas dentro del rango y copia las fórmulas.
A7: 6. Haz copia de seguridad al cerrar cada trimestre y conserva las facturas originales.
A8: Avisos
A9: • Es una herramienta orientativa, no sustituye el asesoramiento de un profesional.
A10: • La cuota de autónomos y otros gastos del ejemplo son ficticios.
A11: • Si tu actividad usa otro régimen (módulos, recargo de equivalencia, IVA exento), los resultados del resumen no te valdrán sin adaptarlos.

Sheet Datos
A1: IVA | C1: Retención
A2: 0.21 | C2: 0.15
A3: 0.1 | C3: 0.07
A4: 0.04 | C4: 0
A5: 0
